 Dungeon Crawl Stone Soup version 0.30.1-11-g7821555f0a (webtiles) character file.

Game seed: 4085112373710752063

163 bnorton916 the Magician (level 5, -1/28 HPs)
             Began as a Deep Elf Fire Elementalist on Nov 11, 2023.
             Slain by an orc
             ... wielding a +1 flail of holy wrath
              (5 damage)
             ... on level 4 of the Dungeon.
             The game lasted 00:03:45 (3745 turns).

bnorton916 the Magician (DEFE)                      Turns: 3745, Time: 00:03:46

Health: -1/28      AC:  4    Str:  5    XL:     5   Next: 20%
Magic:  14/14      EV: 12    Int: 22    God:
Gold:   70         SH:  0    Dex: 15    Spells: 7/13 levels left

rFire   . . .        (no weapon)
rCold   . . .        (no shield)
rNeg    . . .        a - +0 robe
rPois   .            f - +0 helmet
rElec   .            (no cloak)
rCorr   .            (no gloves)
SInv    .            n - +0 pair of boots
Will    .....        (no amulet)
Stlth   ++           (no ring)
HPRegen 0.24/turn    (no ring)
MPRegen 0.14/turn

%: no passive effects
@: no status effects
A: no striking features
a: no special abilities


You were on level 4 of the Dungeon.
You visited 1 branch of the dungeon, and saw 4 of its levels.

You collected 70 gold pieces.

Inventory:

Missiles
 r - 2 javelins
Armour
 a - a +0 robe (worn)
 f - a +0 helmet (worn)
 n - a +0 pair of boots (worn)
Scrolls
 c - 2 scrolls of vulnerability {unknown}
 d - a scroll of teleportation {unknown}
 e - 3 scrolls of fog {unknown}
 i - a scroll of enchant armour {unknown}
 l - a scroll of butterflies {unknown}
 m - 2 scrolls of torment {unknown}
 o - a scroll of poison {unknown}
 p - a scroll of amnesia {unknown}
Potions
 b - a potion of magic
 g - 2 potions of heal wounds {unknown}
 h - a potion of haste {unknown}
 j - a potion of might {unknown}
 k - a potion of flight {unknown}
 q - a potion of resistance {unknown}


   Skills:
 - Level 2.4 Dodging
 - Level 2.4 Stealth
 + Level 4.7 Spellcasting
 + Level 3.2 Conjurations
 + Level 0.6 Translocations
 + Level 4.5 Fire Magic


You had 7 spell levels left.
You knew the following spells:

 Your Spells              Type           Power      Damage    Failure   Level
a - Foxfire               Conj/Fire      88%        2x1d8     1%          1
b - Scorch                Fire           50%        2d7       2%          2
c - Volatile Blastmotes   Fire/Tloc      32%        2d12      11%         3

Your spell library contained the following spells:

 Spells                   Type           Power      Damage    Failure   Level
 Summon Small Mammal      Summ           20%        N/A       11%         1
 Inner Flame              Hex/Fire       15%        N/A       12%         3
 Flame Wave               Conj/Fire      22%        2d8       21%         4
 Call Canine Familiar     Summ           5%         N/A       30%         3
 Summon Guardian Golem    Hex/Summ       5%         N/A       30%         3
 Iskenderun's Battlesphe  Conj           19%        2d7       58%         5
 Iron Shot                Conj/Erth      6%         9d2       100%        6
 Spellforged Servitor     Conj/Summ      6%         N/A       100%        7


Dungeon Overview and Level Annotations

Branches:
Dungeon (4/15)
 Temple: D:4-7

Altars:


Message History

Press: ? - help, Q - select action, (/) - cycle Dir - look around, f - activate You conjure some foxfire!
The orc wizard gestures wildly while chanting.
The orc wizard flickers and vanishes!
Deactivating autopickup; reactivate with Ctrl-A.
The foxfire hits something. x2
An orc comes into view.
It is wielding a +1 flail of holy wrath.
Casting: Foxfire (safe; 1% risk of failure)
Confirm with . or Enter, or press ? or * to list all spells.
You conjure some foxfire!
The orc shouts!
The foxfire hits the orc.
The orc is severely wounded.
The foxfire hits the orc but does no damage.
The orc is severely wounded.
An orc priest comes into view. It is wielding a +0 hand axe.
The orc priest shouts!
Casting: Foxfire (safe; 1% risk of failure)
Confirm with . or Enter, or press ? or * to list all spells.
You conjure some foxfire!
The orc priest invokes the aid of Beogh against you.
Pain shoots through your body!
The foxfire hits the orc.
The orc is severely wounded.
The foxfire hits the orc but does no damage.
The orc is severely wounded.
An orc comes into view. It is wielding a +0 falchion.
Unknown command.
The orc hits you with a +1 flail of holy wrath.
Unknown command.
The orc attacks as you move away! The orc barely misses you.
The orc shouts!
The orc priest looks satisfied for a moment.
The orc attacks as you move away! The orc completely misses you.
The orc priest mumbles some strange prayers to Beogh against you.
Beogh smites you!
* * * LOW HITPOINT WARNING * * *
The orc attacks as you move away!
The orc hits you with a +1 flail of holy wrath.
You die...

........# #.#
#.###.#.#########.#### #
#...o............#######
#######o................
#b# #o#####.##.######.
~.~ #.# #.##.# ##.. #~~~
#.# #.##.# #.##
#~~~##o#####.##.## #.#
##.##.@..........# #.##
######.####.##..# ##..
##.## #.##..####.#
#.<)###.##....##.#
#..#.#.##.###.#.##.# #.
#>##...# #(#.##^# #
#.....## #.#.##.#
#.##.## ##.#.##.#
#.#.#####....##.#


You could see an orc priest and 2 orcs.

Vanquished Creatures
  An iguana (D:4)
  An orc wizard (D:3)
  3 gnolls (D:2)
  An adder (D:2)
  A worm (D:2)
  2 dart slugs
  4 orcs
  8 ball pythons
  3 endoplasms
  4 giant cockroaches
  7 goblins
  3 hobgoblins
  4 jackals (D:1)
  6 bats
  3 frilled lizards
  3 kobolds (D:2)
  10 rats
64 creatures vanquished.

Vanquished Creatures (collateral kills)
  A foxfire (D:3)
1 creature vanquished.

Vanquished Creatures (others)
  245 foxfires
245 creatures vanquished.

Grand Total: 310 creatures vanquished

Notes
Turn   | Place    | Note
-------+----------+-------------------------------------------
     0 | D:1      | bnorton916 the Deep Elf Fire Elementalist began the quest
                  | for the Orb.
     0 | D:1      | Reached XP level 1. HP: 10/10 MP: 6/6
   226 | D:1      | Reached XP level 2. HP: 15/15 MP: 4/8
   491 | D:1      | You fall into a shaft and drop 1 floor!
  1028 | D:1      | Reached XP level 3. HP: 19/19 MP: 7/10
  1302 | D:2      | Learned a level 2 spell: Scorch
  1731 | D:2      | Reached XP level 4. HP: 24/24 MP: 8/12
  2955 | D:3      | Learned a level 3 spell: Volatile Blastmotes
  3590 | D:4      | Reached XP level 5. HP: 28/28 MP: 10/14
  3745 | D:4      | Slain by an orc

Illustrated notes

Levels and vault maps discovered:
D:1:      lemuel_arrival_behind_the_door_small, layout_basic,
          minmay_shallow_snake_nest
D:2:      layout_rooms, grunt_ministairs_15
D:3:      layout_loops_corners, serial_forest, infiniplex_forest_straight_2,
          infiniplex_forest_lined_room_2, infiniplex_forest_clump_diagonal,
          infiniplex_forest_end_3, infiniplex_forest_lined_3_way
D:4:      layout_loops_ring, nicolae_qazlal_style_of_elements,
          old_standard_altar, serial_aquarium, aquarium_bridge_square
          [aquarium_subvault_bridge, aquarium_subvault_bridge,
          aquarium_subvault_bridge, aquarium_subvault_bridge],
          aquarium_bridge_square [aquarium_subvault_window,
          aquarium_subvault_bridge, aquarium_subvault_bridge,
          aquarium_subvault_balcony], aquarium_window_fake, aquarium_window_2,
          aquarium_window_fake, aquarium_view_2e, aquarium_view_2a,
          serial_shops, kennysheep_mini

Skill      XL: |  1  2  3  4 |
---------------+-------------+-----
Conjurations   | 2 3 |  3.2
Spellcasting   | 4 |  4.7
Fire Magic     | 4 |  4.5
Dodging        | |  2.4
Stealth        | |  2.4
Translocations | |  0.6

Action                     |  1- 3 |  4- 6 || total
---------------------------+-------+-------++-------
   Cast: Foxfire           |    94 |    48 ||   142
         Scorch            |       |     1 ||     1
  Dodge: Dodged            |     2 |     5 ||     7
